 Dungeon Crawl Stone Soup version 0.22-a0-247-gbddf880 (webtiles) character file.

9841 matakusis the Convoker (level 11, -7/54 HPs)
             Began as a Deep Elf Summoner on Feb 26, 2018.
             Was a High Priest of Hepliaklqana.
             Mangled by a centaur warrior simulacrum (28 damage)
             ... on level 12 of the Dungeon.
             The game lasted 01:45:44 (12790 turns).

matakusis the Convoker (Deep Elf Summoner)         Turns: 12790, Time: 01:45:44

Health: -7/54      AC:  8    Str:  5    XL:     11   Next: 28%
Magic:  0/30       EV: 13    Int: 24    God:    Hepliaklqana [*****.]
Gold:   997        SH:  0    Dex: 15    Spells: 18/36 levels left

rFire    . . .     SeeInvis .   r - staff of wizardry
rCold    . . .     Gourm    .   (no shield)
rNeg     + . .     Faith    .   F - +2 robe {rN+}
rPois    .         Spirit   +   H - +2 hat {MR+}
rElec    .         Reflect  .   (no cloak)
rCorr    .         Harm     .   (no gloves)
MR       ++...     Clarity  +   (no boots)
Stlth    ++........             k - amulet of guardian spirit
HPRegen  0.58/turn              J - ring of flight
MPRegen  0.22/turn              (no ring)

@: no status effects
A: reduced essence, yellow scales 1, clarity, regeneration 1, robust 1
a: Recall Ancestor, Ancestor Identity, Transference, Idealise, Renounce
Religion, Evoke Flight


You were on level 12 of the Dungeon.
You worshipped Hepliaklqana.
Hepliaklqana was extremely pleased with you.
You were not hungry.

You visited 2 branches of the dungeon, and saw 13 of its levels.

You collected 997 gold pieces.

Inventory:

Hand Weapons
 y - a +0 shortbow of velocity
 B - the +2 mace of a bailey {antimagic, rF+ Dex+6}
   (You found it on level 7 of the Dungeon)

   It reduces the magical energy of the wielder, and disrupts the spells and
   magical abilities of those hit.
   Natural abilities and divine invocations are not affected.
   It affects your dexterity (+6).
   It protects you from fire.
 E - a +0 shortbow of flaming
Missiles
 e - 355 arrows
 g - 479 stones (quivered)
Armour
 f - a +0 troll leather armour
 F - a +2 robe of positive energy (worn)
 H - a +2 hat of magic resistance (worn)
Magical Staves
 r - an uncursed staff of wizardry (weapon)
 z - an uncursed staff of conjuration
 A - an uncursed staff of poison
Jewellery
 k - an amulet of guardian spirit (around neck)
 J - a ring of flight (left hand)
Wands
 n - a wand of iceblast (8)
 q - a wand of enslavement (10)
 u - a wand of flame (13)
 w - a wand of acid (11)
 C - a wand of digging (29)
 D - a wand of clouds (4)
Scrolls
 l - 2 scrolls of blinking
 m - 3 scrolls of teleportation
 p - 2 scrolls of remove curse
 t - 2 scrolls of enchant weapon
 v - 3 scrolls of magic mapping
 x - a scroll of fear
Potions
 a - 2 potions of heal wounds
 c - a potion of agility
 d - a potion of flight
 h - 4 potions of resistance
 i - 3 potions of curing
 j - 2 potions of haste
 o - 2 potions of invisibility
 s - 2 potions of magic
 G - a potion of might
Comestibles
 b - 23 rations
 I - a chunk of flesh


   Skills:
 - Level 2.0 Bows
 - Level 2.4 Dodging
 - Level 2.4 Stealth
 + Level 13.0 Spellcasting
 + Level 0.3 Conjurations
 * Level 15.2 Summonings
 - Level 1.2 Ice Magic
 + Level 2.5 Air Magic


You had 18 spell levels left.
You knew the following spells:

 Your Spells              Type           Power        Failure   Level  Hunger
a - Summon Small Mammal   Summ           ####         0%          1    None
b - Call Imp              Summ           ######..     0%          2    None
c - Summon Lightning Spi  Summ/Air       ######..     1%          4    None
d - Summon Ice Beast      Ice/Summ       ######..     1%          4    None
e - Mephitic Cloud        Conj/Pois/Air  ###.....     3%          3    None
f - Airstrike             Air            ####......   5%          4    None


Dungeon Overview and Level Annotations

Branches:
Dungeon (12/15)            Temple (1/1) D:6            Lair (0/6) D:10
    Orc (0/2) D:12

Altars:
Ashenzari
Cheibriados
Dithmenos
Elyvilon
Fedhas
Gozag
Hepliaklqana
Kikubaaqudgha
Makhleb
Nemelex Xobeh
Okawaru
Qazlal
Ru
Sif Muna
Trog
Uskayaw
Vehumet
Wu Jian
Xom
Yredelemnul
Zin
The Shining One

Shops:
D:11 (


Innate Abilities, Weirdness & Mutations

Your life essence is reduced to manifest your ancestor. (-10% HP)
You are partially covered in yellow scales. (AC +2)
You possess an exceptional clarity of mind.
Your natural rate of healing is unusually fast.
You are robust. (+10% HP)


Message History

The centaur warrior simulacrum barely misses you.
The eye of draining gazes at you.
You feel your power leaking away.
Casting: Summon Lightning Spire (safe; 1% risk of failure)
Confirm with . or Enter, or press ? or * to list all spells.
A chill wind blows around you.
The centaur warrior simulacrum closely misses you.
Casting: Summon Ice Beast (safe; 1% risk of failure)
Confirm with . or Enter, or press ? or * to list all spells.
A chill wind blows around you.
The centaur warrior simulacrum hits you but does no damage.
Casting: Summon Ice Beast (safe; 1% risk of failure)
Confirm with . or Enter, or press ? or * to list all spells.
A chill wind blows around you.
The centaur warrior simulacrum hits you.
The centaur warrior simulacrum freezes you!!
The centaur warrior simulacrum hits you.
The centaur warrior simulacrum freezes you!!
Ouch! That really hurt!
You die...

#.....#
###...# #...#
#...# ###...#
#.....#
#YY...#
#R##..#
#@##..#
..'G..ZY##..#
..#..8### ..#
#### ..#


You could see the friendly Gaius the hexer, an eye of draining, a centaur
warrior simulacrum, 3 friendly ice beasts and a friendly lightning spire.

Vanquished Creatures
  A centaur (D:5)
  Dowan (D:4)
  A killer bee (D:12)
  A hound (D:10)
  Natasha (D:4)
  A gnoll (D:6)
  3 leopard geckos
  An orc (D:12)
  A goblin (D:1)
  A jackal (D:4)
12 creatures vanquished.

Vanquished Creatures (collateral kills)
  Gastronok (D:11)
  Erolcha (D:9)
  A hydra (D:11)
  2 two-headed ogres
  An unseen horror (D:11)
  Pikel (D:9)
  An ugly thing (D:11)
  A manticore (D:12)
  2 cyclopes
  A gargoyle (D:12)
  A centaur skeleton (D:12)
  A troll (D:12)
  A hippogriff (D:10)
  2 hungry ghosts
  10 yaks
  A wyvern (D:11)
  A basilisk (D:10)
  A warg (D:12)
  An acid dragon (D:11)
  Duvessa (D:4)
  The ghost of varam the Sneak, an amateur SpEn (D:5)
  4 orc warriors
  3 sky beasts
  3 ice beasts
  A slave (D:9)
  A necrophage (D:8)
  3 black bears
  2 phantoms
  9 ogres
  15 centaurs
  A crocodile (D:10)
  Blork the orc (D:6)
  A big kobold (D:9)
  7 bullfrogs
  2 gnoll sergeants
  A water moccasin zombie (D:6)
  2 scorpions (D:8)
  12 killer bees
  5 wights (D:6)
  7 howler monkeys
  3 crimson imps
  A bullfrog zombie (D:9)
  7 hounds
  2 centaur zombies
  5 jellies
  A gnoll shaman (D:8)
  6 orc priests
  8 orc wizards
  A bullfrog skeleton (D:7)
  3 iguanas
  Natasha (twice) (D:4)
  8 worker ants
  A howler monkey zombie (D:9)
  A worker ant zombie (D:7)
  Robin (D:3)
  A howler monkey skeleton (D:7)
  11 adders
  24 gnolls
  3 shadow imps
  An adder zombie (D:6)
  2 adder skeletons
  A worm (D:3)
  4 dart slugs
  5 leopard geckos
  41 orcs
  8 giant cockroaches
  17 goblins
  11 hobgoblins
  13 jackals
  10 kobolds
  3 quokkas
  2 ball pythons
  8 bats
  5 frilled lizards
  A jackal skeleton (D:8)
  10 rats
  3 plants (D:9)
347 creatures vanquished.

Vanquished Creatures (others)
  An orc wizard (D:9)
  5 hexers
  2 ancestors (D:5)
8 creatures vanquished.

Grand Total: 367 creatures vanquished

Notes
Turn   | Place    | Note
-------+----------+-------------------------------------------
     0 | D:1      | matakusis the Deep Elf Summoner began the quest for the Orb.
     0 | D:1      | Reached XP level 1. HP: 10/10 MP: 6/6
   683 | D:1      | Reached XP level 2. HP: 9/15 MP: 2/8
   741 | D:1      | Learned a level 2 spell: Call Imp
  1091 | D:1      | Reached skill level 5 in Summonings
  1482 | D:2      | Reached XP level 3. HP: 19/19 MP: 2/10
  2299 | D:3      | Reached XP level 4. HP: 24/24 MP: 2/11
  2319 | D:3      | Learned a level 4 spell: Summon Lightning Spire
  2384 | D:3      | Found a bloodstained altar of Trog.
  2475 | D:3      | Reached skill level 6 in Summonings
  2589 | D:3      | Noticed Robin
  3070 | D:3      | Killed Robin
  3309 | D:4      | Found a hazy altar of Hepliaklqana.
  3312 | D:4      | Became a worshipper of Hepliaklqana the Forgotten
  3327 | D:4      | Noticed Natasha
  3336 | D:4      | Killed Natasha
  3359 | D:4      | Reached XP level 5. HP: 16/25 MP: 2/12
  3368 | D:4      | Learned a level 4 spell: Summon Ice Beast
  3549 | D:4      | Noticed Duvessa
  3549 | D:4      | Noticed Dowan
  3575 | D:4      | Killed Duvessa
  3575 | D:4      | Reached skill level 7 in Summonings
  3583 | D:4      | Killed Dowan
  3885 | D:4      | Reached XP level 6. HP: 28/28 MP: 8/13
  3936 | D:4      | Noticed Natasha
  3943 | D:4      | Killed Natasha
  4121 | D:4      | Noticed Natasha
  4127 | D:4      | Killed Natasha
  4346 | D:5      | Entered Level 5 of the Dungeon
  4354 | D:5      | Reached * piety under Hepliaklqana
  4364 | D:5      | Found an opulent altar of Gozag.
  4427 | D:5      | Noticed a sky beast
  4440 | D:5      | Killed a sky beast
  4440 | D:5      | Reached skill level 8 in Summonings
  4569 | D:5      | Noticed varam's ghost (amateur SpEn)
  4745 | D:5      | Killed varam's ghost
  4811 | D:5      | Reached XP level 7. HP: 32/32 MP: 3/16
  5177 | D:5      | Reached skill level 5 in Spellcasting
  5293 | D:5      | Reached skill level 9 in Summonings
  5360 | D:6      | Noticed Blork the orc
  5369 | D:6      | Killed Blork the orc
  5369 | D:6      | Reached skill level 1 in Ice Magic
  5765 | D:6      | Found a staircase to the Ecumenical Temple.
  5850 | D:6      | Found a white marble altar of Elyvilon.
  5870 | Temple   | Entered the Ecumenical Temple
  6026 | D:6      | Reached XP level 8. HP: 36/36 MP: 15/19
  6114 | D:6      | Reached skill level 10 in Summonings
  6555 | D:7      | Reached ** piety under Hepliaklqana
  6556 | D:7      | Remembered your ancestor Gaius as a hexer
  6561 | D:7      | Got a dazzling mace
  6562 | D:7      | Identified the +2 mace of a bailey {antimagic, rF+ Dex+6} (You found it on level 7 of the Dungeon)
  7510 | D:8      | Reached skill level 11 in Summonings
  7807 | D:8      | Learned a level 3 spell: Mephitic Cloud
  8134 | D:6      | Found a sacrificial altar of Ru.
  8197 | D:9      | Reached *** piety under Hepliaklqana
  8197 | D:9      | Noticed Pikel
  8197 | D:9      | Noticed a two-headed ogre
  8268 | D:9      | Reached XP level 9. HP: 40/40 MP: 18/23
  8277 | D:9      | Killed a two-headed ogre
  8279 | D:9      | Reached skill level 1 in Air Magic
  8310 | D:9      | Reached skill level 12 in Summonings
  8567 | D:9      | Found a blossoming altar of Fedhas.
  8582 | D:9      | Killed Pikel
  8800 | D:9      | Noticed Erolcha
  8806 | D:9      | Killed Erolcha
  8806 | D:9      | Reached skill level 1 in Bows
  8806 | D:9      | Reached skill level 10 in Spellcasting
  9669 | D:10     | Entered Level 10 of the Dungeon
  9792 | D:10     | Found a staircase to the Lair.
  9801 | D:10     | Reached XP level 10. HP: 24/45 MP: 4/26
  9815 | D:10     | Reached skill level 13 in Summonings
  9867 | D:10     | Reached **** piety under Hepliaklqana
 10179 | D:10     | Noticed a two-headed ogre
 10190 | D:10     | Killed a two-headed ogre
 10445 | D:10     | Gained mutation: Your muscles are strong. (Str +2) [potion of mutation]
 10445 | D:10     | Gained mutation: Your natural rate of healing is unusually fast. [potion of mutation]
 10445 | D:10     | Gained mutation: You are partially covered in yellow scales. (AC +2) [potion of mutation]
 10445 | D:10     | Gained mutation: You possess an exceptional clarity of mind. [potion of mutation]
 10791 | D:10     | Found an opulent altar of Gozag.
 11093 | D:11     | Noticed a green ugly thing
 11103 | D:11     | Killed a green ugly thing
 11129 | D:11     | Noticed a cyclops
 11136 | D:11     | Killed a cyclops
 11136 | D:11     | Reached skill level 14 in Summonings
 11322 | D:11     | Found Kunon's Antique Weapon Shoppe.
 11368 | D:11     | Lost mutation: Your muscles are strong. (Str +2) [potion of mutation]
 11368 | D:11     | Gained mutation: You have sharp toenails. [potion of mutation]
 11368 | D:11     | Lost mutation: You have sharp toenails. [potion of mutation]
 11368 | D:11     | Gained mutation: You are robust. (+10% HP) [potion of mutation]
 11443 | D:11     | Reached ***** piety under Hepliaklqana
 11590 | D:11     | Killed an unseen horror
 11629 | D:11     | Noticed Gastronok
 11686 | D:11     | Killed Gastronok
 11686 | D:11     | Reached XP level 11. HP: 54/54 MP: 3/29
 11921 | D:11     | Noticed a four-headed hydra
 11928 | D:11     | Killed a four-headed hydra
 12101 | D:12     | Reached skill level 15 in Summonings
 12239 | D:12     | Learned a level 4 spell: Airstrike
 12275 | D:12     | Found a staircase to the Orcish Mines.
 12790 | D:12     | Mangled by a centaur warrior simulacrum

Vault maps used:
D:1:      dpeg_arrival_morbid_curiosity, minmay_distorted
D:2:      first_ration
D:3:      lemuel_crystal_altar, grunt_ministairs_1, uniq_robin
D:4:      kennysheep_mini_moat, uniq_duvessa, uniq_natasha
D:5:      grunt_gozag_breadcrumbs
D:6:      nicolae_overflow_hidden_temple, minmay_temple_entry_junction,
          uniq_blork_the_orc
D:9:      kennysheep_housing_project, fedhas_altar_2, grunt_ogre_cave,
          uniq_erolcha, uniq_pikel
D:10:     david_lair_generic, basic_altar, minmay_stone_trees_small
D:11:     lemuel_flame_loot_2, serial_shops, shop, uniq_gastronok
D:12:     david_orc_3, minmay_evil_grid, uniq_nergalle
Temple:   compressed_dpeg_circular_temple

Skill      XL: |  1  2  3  4  5  6  7  8  9 10 11 |
---------------+----------------------------------+-----
Summonings     | 5 6 7 8 9 11 12 14 15 | 15.2
Spellcasting   | 4 6 8 10 12 13 | 13.0
Ice Magic      | 1 |  1.2
Air Magic      | 2 |  2.5
Bows           | 1 2 |  2.0
Dodging        | |  2.4
Stealth        | |  2.4
Conjurations   | |  0.3

Action                   |  1- 3 |  4- 6 |  7- 9 | 10-12 || total
-------------------------+-------+-------+-------+-------++-------
Melee: Unarmed           |    16 |     7 |       |       ||    23
       Dagger            |       |    12 |     6 |       ||    18
       Shortbow          |       |       |       |     4 ||     4
       Staff             |       |       |       |     2 ||     2
 Fire: Shortbow          |       |       |    10 |    17 ||    27
 Cast: Summon Small Mamm |    31 |     3 |       |       ||    34
       Call Imp          |    43 |    16 |     9 |    14 ||    82
       Summon Lightning  |       |    22 |    52 |    41 ||   115
       Summon Ice Beast  |       |     4 |    55 |    44 ||   103
       Mephitic Cloud    |       |       |     1 |       ||     1
       Airstrike         |       |       |       |     3 ||     3
Invok: Ancestor Identity |       |     1 |     1 |       ||     2
       Ancestor Life: He |       |       |     1 |       ||     1
       Recall Ancestor   |       |       |     1 |       ||     1
  Use: Scroll            |     4 |     6 |    10 |     5 ||    25
       Potion            |       |       |       |     5 ||     5
  Eat: Chunk             |     5 |    11 |    16 |     9 ||    41
       Ration            |       |     1 |     2 |       ||     3
Armor: Robe              |     7 |     7 |    19 |    20 ||    53
       Skin              |       |       |       |     4 ||     4
Dodge: Dodged            |    35 |    23 |    42 |    37 ||   137

Table legend:
 A = Spawn XP
 B = Non-spawn XP
 C = Spawn XP percentage of total XP
 D = Spawn monster count
 E = Non-spawn monster count
 F = Spawn count percentage of total count
 G = Total turns spent on level
                    A         B        C        D         E        F      G
               +---------+---------+-------+---------+---------+-------+---------
         Total |       0 |   14059 |   0.0 |       0 |     356 |   0.0 | 12790
               +---------+---------+-------+---------+---------+-------+---------
           D:1 |       0 |      35 |   0.0 |       0 |      33 |   0.0 |  1417
           D:2 |       0 |      28 |   0.0 |       0 |      14 |   0.0 |   755
           D:3 |       0 |      86 |   0.0 |       0 |      35 |   0.0 |  1085
           D:4 |       0 |     287 |   0.0 |       0 |      16 |   0.0 |  1089
           D:5 |       0 |     494 |   0.0 |       0 |      19 |   0.0 |  1058
           D:6 |       0 |     638 |   0.0 |       0 |      35 |   0.0 |  1037
           D:7 |       0 |     374 |   0.0 |       0 |      16 |   0.0 |   954
           D:8 |       0 |     835 |   0.0 |       0 |      30 |   0.0 |   706
           D:9 |       0 |    2507 |   0.0 |       0 |      56 |   0.0 |  1442
          D:10 |       0 |    2053 |   0.0 |       0 |      24 |   0.0 |  1424
          D:11 |       0 |    5056 |   0.0 |       0 |      57 |   0.0 |   986
          D:12 |       0 |    1666 |   0.0 |       0 |      21 |   0.0 |   711
               +---------+---------+-------+---------+---------+-------+---------
